[ PARTIDA AOE2 · #507073306 ]
UnrankedMongoles vs Hindustanis
Equipo del jugador · VICT
Equipo rival · DERR
[ ANÁLISIS DE REPETICIÓN · EXTRAÍDO DE LA PARTIDA GRABADA ]
Feudal
8:33
Castillos
21:24
Imperial
36:39
| APM promedio | 39.8 |
| APM pico | 72 |
| eAPM promedio | 18.0 |
| Aldeanos / militares | 111 / 28 |
Foco
⚔️ 23.4% · 🌾 76.6%
Mangudai ×15 · Mangonel ×4 · Militia ×3 · Trebuchet (Packed) ×3 · Knight ×2 · Monk ×1
Feudal
10:31
Castillos
25:35
Imperial
—
| APM promedio | 58.5 |
| APM pico | 119 |
| eAPM promedio | 24.2 |
| Aldeanos / militares | 108 / 44 |
Foco
⚔️ 33.7% · 🌾 66.3%
Camel Scout ×27 · Archer ×11 · Armored Elephant ×4 · Mangonel ×2
Mapa de la partida
Recursos iniciales + cada clic de construcción. Líneas = muros · curvas = relieve. ◆ oro · ⬟ piedra · ● bayas · ✦ reliquia · ◌ hueco del cierre
Tu base· ✓ Cerrada en 21:24 · 2t muro · 3 puerta(s)
Base de Cow· ✓ Cerrada en 25:35 · 88t muro · 4 puerta(s)
Terreno inicial suavizado · ◌ = hueco del cierre detectado · pasá el cursor para detalles
Inputs por minuto
— SaleMajstor - - Cow
Build order — SaleMajstor
Primeras 150 de 251 acciones detectadas
| 0:00 | Encolar | Villager (Male) |
| 0:01 | Encolar | Villager (Male) |
| 0:01 | Encolar | Villager (Male) |
| 0:01 | Encolar | Villager (Male) |
| 0:03 | Construir | House |
| 0:04 | Construir | House |
| 1:34 | Encolar | Villager (Male) |
| 1:56 | Encolar | Villager (Male) |
| 2:14 | Construir | Lumber Camp |
| 2:21 | Encolar | Villager (Male) |
| 2:36 | Construir | House |
| 2:56 | Encolar | Villager (Male) |
| 3:25 | Encolar | Villager (Male) |
| 3:37 | Encolar | Villager (Male) |
| 3:49 | Encolar | Villager (Male) |
| 4:01 | Encolar | Villager (Male) |
| 4:34 | Encolar | Villager (Male) |
| 4:48 | Construir | Barracks |
| 4:56 | Encolar | Villager (Male) |
| 5:19 | Encolar | Villager (Male) |
| 5:33 | Construir | House |
| 5:51 | Investigar | Loom |
| 6:23 | Investigar | Feudal Age |
| 6:25 | Encolar | Militia |
| 6:25 | Encolar | Militia |
| 6:36 | Construir | House |
| 6:53 | Encolar | Militia |
| 7:28 | Construir | Mining Camp |
| 7:58 | Encolar | Villager (Male) |
| 8:25 | Construir | Mill |
| 8:33 | Edad | Edad Feudal |
| 8:34 | Investigar | Man-at-Arms (upgrade) |
| 8:36 | Encolar | Villager (Male) |
| 8:55 | Encolar | Villager (Male) |
| 9:14 | Construir | Watch Tower |
| 9:28 | Encolar | Villager (Male) |
| 9:36 | Construir | House |
| 9:45 | Encolar | Villager (Male) |
| 10:09 | Encolar | Villager (Male) |
| 10:28 | Construir | Watch Tower |
| 10:30 | Encolar | Villager (Male) |
| 11:11 | Encolar | Villager (Male) |
| 11:19 | Construir | House |
| 11:23 | Construir | Mining Camp |
| 11:33 | Encolar | Villager (Male) |
| 11:37 | Construir | Blacksmith |
| 11:55 | Encolar | Villager (Male) |
| 11:58 | Construir | House |
| 12:14 | Construir | Watch Tower |
| 12:22 | Encolar | Villager (Male) |
| 12:27 | Investigar | Horse Collar |
| 12:46 | Construir | Stone Wall |
| 12:49 | Construir | Stone Wall |
| 12:55 | Encolar | Villager (Male) |
| 13:14 | Encolar | Villager (Male) |
| 13:20 | Construir | Farm |
| 13:27 | Construir | Farm |
| 13:46 | Encolar | Villager (Male) |
| 14:02 | Investigar | Fletching |
| 14:16 | Construir | House |
| 14:28 | Encolar | Villager (Male) |
| 14:32 | Construir | Farm |
| 14:33 | Construir | Farm |
| 14:35 | Construir | Farm |
| 14:49 | Encolar | Villager (Male) |
| 15:21 | Encolar | Villager (Male) |
| 15:23 | Construir | Farm |
| 15:26 | Construir | Farm |
| 15:39 | Construir | Watch Tower |
| 16:05 | Encolar | Villager (Male) |
| 16:10 | Construir | Farm |
| 16:11 | Construir | Farm |
| 16:12 | Construir | Farm |
| 16:17 | Construir | Farm |
| 16:20 | Construir | Farm |
| 16:24 | Encolar | Villager (Male) |
| 17:05 | Encolar | Villager (Male) |
| 17:08 | Construir | Market |
| 17:13 | Encolar | Villager (Male) |
| 17:15 | Construir | Farm |
| 18:30 | Construir | Farm |
| 18:32 | Construir | Farm |
| 18:44 | Investigar | Castle Age |
| 20:02 | Encolar | Villager (Male) |
| 20:16 | Investigar | Double-Bit Axe |
| 20:36 | Construir | House |
| 20:51 | Encolar | Villager (Male) |
| 20:59 | Construir | Lumber Camp |
| 21:03 | Encolar | Villager (Male) |
| 21:24 | Edad | Edad de los Castillos |
| 21:31 | Construir | Siege Workshop |
| 21:57 | Construir | Siege Workshop |
| 22:02 | Encolar | Villager (Male) |
| 22:09 | Encolar | Villager (Male) |
| 22:20 | Encolar | Mangonel |
| 22:28 | Construir | House |
| 22:41 | Encolar | Villager (Male) |
| 22:41 | Encolar | Villager (Male) |
| 23:26 | Encolar | Mangonel |
| 23:30 | Construir | House |
| 23:31 | Encolar | Villager (Male) |
| 23:38 | Encolar | Villager (Male) |
| 23:38 | Encolar | Villager (Male) |
| 23:54 | Construir | Stable |
| 24:02 | Encolar | Villager (Male) |
| 24:22 | Encolar | Mangonel |
| 24:24 | Encolar | Knight |
| 24:24 | Encolar | Knight |
| 24:57 | Construir | House |
| 25:02 | Encolar | Villager (Male) |
| 25:03 | Encolar | Villager (Male) |
| 25:04 | Encolar | Villager (Male) |
| 25:43 | Construir | Castle |
| 26:15 | Encolar | Villager (Male) |
| 26:15 | Encolar | Villager (Male) |
| 26:18 | Construir | House |
| 26:51 | Encolar | Villager (Male) |
| 26:52 | Encolar | Villager (Male) |
| 26:58 | Construir | Town Center |
| 27:04 | Construir | Mining Camp |
| 27:06 | Construir | Mining Camp |
| 27:21 | Encolar | Mangudai |
| 27:22 | Encolar | Mangudai |
| 27:22 | Encolar | Mangudai |
| 27:22 | Encolar | Mangudai |
| 28:09 | Encolar | Mangudai |
| 28:10 | Encolar | Villager (Male) |
| 28:10 | Encolar | Villager (Male) |
| 28:11 | Encolar | Villager (Male) |
| 28:11 | Encolar | Villager (Male) |
| 28:12 | Encolar | Villager (Male) |
| 28:16 | Construir | Farm |
| 28:23 | Encolar | Villager (Male) |
| 28:40 | Encolar | Mangudai |
| 28:54 | Encolar | Villager (Male) |
| 28:54 | Encolar | Villager (Male) |
| 28:56 | Investigar | Bodkin Arrow |
| 28:58 | Encolar | Villager (Male) |
| 28:58 | Encolar | Villager (Male) |
| 28:59 | Encolar | Villager (Male) |
| 28:59 | Encolar | Villager (Male) |
| 28:59 | Encolar | Villager (Male) |
| 29:05 | Construir | House |
| 29:06 | Construir | House |
| 29:07 | Construir | House |
| 29:10 | Construir | Farm |
| 29:12 | Encolar | Villager (Male) |
| 29:31 | Encolar | Mangudai |
| 29:36 | Investigar | Bow Saw |
| 29:45 | Construir | Lumber Camp |
Build order — Cow
Primeras 150 de 289 acciones detectadas
| 0:01 | Encolar | Villager (Male) |
| 0:01 | Encolar | Villager (Male) |
| 0:02 | Construir | House |
| 0:03 | Construir | House |
| 0:18 | Encolar | Villager (Male) |
| 0:18 | Encolar | Villager (Male) |
| 1:09 | Encolar | Villager (Male) |
| 1:34 | Encolar | Villager (Male) |
| 2:22 | Encolar | Villager (Male) |
| 2:27 | Encolar | Villager (Male) |
| 2:33 | Construir | Lumber Camp |
| 2:44 | Construir | House |
| 2:48 | Encolar | Villager (Male) |
| 2:54 | Encolar | Villager (Male) |
| 3:56 | Encolar | Villager (Male) |
| 4:09 | Encolar | Villager (Male) |
| 4:24 | Encolar | Villager (Male) |
| 4:49 | Encolar | Villager (Male) |
| 5:11 | Encolar | Villager (Male) |
| 5:18 | Construir | House |
| 5:58 | Encolar | Villager (Male) |
| 6:01 | Encolar | Villager (Male) |
| 6:20 | Construir | Mill |
| 6:25 | Encolar | Villager (Male) |
| 6:44 | Encolar | Villager (Male) |
| 7:07 | Encolar | Villager (Male) |
| 7:38 | Construir | Mining Camp |
| 8:20 | Investigar | Feudal Age |
| 8:20 | Investigar | Feudal Age |
| 9:27 | Construir | House |
| 9:33 | Construir | House |
| 9:37 | Construir | Palisade Wall |
| 9:42 | Construir | Palisade Wall |
| 9:57 | Construir | House |
| 10:02 | Investigar | Loom |
| 10:13 | Construir | Palisade Wall |
| 10:14 | Construir | Palisade Wall |
| 10:16 | Construir | Palisade Wall |
| 10:19 | Construir | Palisade Wall |
| 10:31 | Edad | Edad Feudal |
| 10:34 | Construir | Barracks |
| 10:41 | Construir | Watch Tower |
| 10:48 | Encolar | Villager (Male) |
| 10:52 | Construir | House |
| 11:17 | Encolar | Villager (Male) |
| 11:29 | Encolar | Villager (Male) |
| 11:50 | Construir | House |
| 11:58 | Encolar | Villager (Male) |
| 12:00 | Construir | Mining Camp |
| 12:12 | Encolar | Villager (Male) |
| 12:15 | Construir | Archery Range |
| 12:27 | Construir | Farm |
| 12:27 | Construir | Farm |
| 12:32 | Encolar | Villager (Male) |
| 12:49 | Encolar | Villager (Male) |
| 12:51 | Construir | Farm |
| 13:00 | Encolar | Archer |
| 13:01 | Encolar | Archer |
| 13:09 | Construir | Blacksmith |
| 13:10 | Encolar | Villager (Male) |
| 13:20 | Construir | Watch Tower |
| 13:23 | Encolar | Villager (Male) |
| 13:30 | Encolar | Villager (Male) |
| 13:42 | Encolar | Villager (Male) |
| 13:46 | Encolar | Archer |
| 13:55 | Encolar | Villager (Male) |
| 14:14 | Construir | Palisade Wall |
| 14:29 | Construir | House |
| 14:34 | Construir | Watch Tower |
| 14:50 | Construir | Palisade Wall |
| 14:52 | Encolar | Villager (Male) |
| 15:07 | Encolar | Villager (Male) |
| 15:13 | Encolar | Villager (Male) |
| 15:22 | Encolar | Archer |
| 15:25 | Construir | Farm |
| 15:25 | Construir | Farm |
| 15:25 | Construir | Farm |
| 15:45 | Encolar | Archer |
| 15:48 | Investigar | Fletching |
| 15:51 | Encolar | Archer |
| 16:00 | Encolar | Villager (Male) |
| 16:06 | Construir | Farm |
| 16:10 | Encolar | Archer |
| 16:13 | Encolar | Villager (Male) |
| 16:19 | Construir | Farm |
| 16:20 | Construir | Farm |
| 16:24 | Investigar | Horse Collar |
| 16:24 | Investigar | Horse Collar |
| 16:28 | Investigar | Double-Bit Axe |
| 16:29 | Investigar | Double-Bit Axe |
| 16:31 | Investigar | Horse Collar |
| 16:31 | Investigar | Horse Collar |
| 16:36 | Construir | Farm |
| 16:41 | Construir | Farm |
| 16:46 | Construir | Farm |
| 16:47 | Encolar | Villager (Male) |
| 16:57 | Encolar | Archer |
| 16:57 | Encolar | Archer |
| 17:08 | Encolar | Villager (Male) |
| 17:18 | Construir | Farm |
| 17:18 | Encolar | Villager (Male) |
| 17:31 | Construir | House |
| 17:33 | Construir | House |
| 17:34 | Construir | House |
| 17:57 | Construir | Palisade Wall |
| 18:02 | Encolar | Villager (Male) |
| 18:14 | Encolar | Villager (Male) |
| 18:22 | Construir | Palisade Wall |
| 18:24 | Construir | Palisade Wall |
| 18:30 | Construir | Palisade Wall |
| 18:31 | Construir | Palisade Wall |
| 18:34 | Construir | Palisade Wall |
| 18:35 | Construir | Palisade Wall |
| 18:37 | Encolar | Villager (Male) |
| 18:43 | Encolar | Villager (Male) |
| 19:06 | Encolar | Villager (Male) |
| 19:09 | Construir | House |
| 19:20 | Encolar | Villager (Male) |
| 19:37 | Encolar | Villager (Male) |
| 19:54 | Encolar | Villager (Male) |
| 19:58 | Encolar | Villager (Male) |
| 20:03 | Construir | Palisade Wall |
| 20:04 | Construir | House |
| 20:07 | Construir | House |
| 20:09 | Construir | Palisade Wall |
| 20:17 | Construir | Farm |
| 20:17 | Encolar | Villager (Male) |
| 20:21 | Encolar | Archer |
| 20:21 | Encolar | Archer |
| 20:31 | Encolar | Villager (Male) |
| 21:04 | Encolar | Villager (Male) |
| 21:17 | Encolar | Villager (Male) |
| 21:27 | Construir | Market |
| 21:50 | Encolar | Villager (Male) |
| 21:57 | Construir | Stone Wall |
| 22:02 | Construir | Stone Wall |
| 22:03 | Encolar | Villager (Male) |
| 22:29 | Construir | Stone Wall |
| 22:33 | Construir | Stone Wall |
| 22:41 | Construir | Stone Wall |
| 22:44 | Construir | Stone Wall |
| 22:53 | Investigar | Castle Age |
| 22:59 | Construir | Stone Wall |
| 23:09 | Construir | Stone Wall |
| 23:11 | Construir | Gate |
| 23:25 | Encolar | Villager (Male) |
| 23:32 | Construir | Farm |
| 23:32 | Construir | Farm |
| 23:33 | Construir | Farm |
| 23:33 | Construir | Farm |
Cronología de la partida
| 4:48 | SaleMajstor · first_building Barracks |
| 8:33 | SaleMajstor · age_up feudal |
| 9:37 | Cow · wall_segment Palisade Wall x6 |
| 9:42 | Cow · wall_segment Palisade Wall x1 |
| 10:13 | Cow · wall_segment Palisade Wall x1 |
| 10:14 | Cow · wall_segment Palisade Wall x1 |
| 10:16 | Cow · wall_segment Palisade Wall x1 |
| 10:19 | Cow · wall_segment Palisade Wall x1 |
| 10:31 | Cow · age_up feudal |
| 10:34 | Cow · first_building Barracks |
| 12:15 | Cow · first_building Archery Range |
| 12:46 | SaleMajstor · wall_segment Stone Wall x1 |
| 12:49 | SaleMajstor · wall_segment Stone Wall x1 |
| 14:14 | Cow · wall_segment Palisade Wall x1 |
| 14:50 | Cow · wall_segment Palisade Wall x1 |
| 17:57 | Cow · wall_segment Palisade Wall x1 |
| 18:21 | SaleMajstor · first_market_buy 100 food |
| 18:22 | Cow · wall_segment Palisade Wall x1 |
| 18:24 | Cow · wall_segment Palisade Wall x1 |
| 18:30 | Cow · wall_segment Palisade Wall x1 |
| 18:31 | Cow · wall_segment Palisade Wall x1 |
| 18:34 | Cow · wall_segment Palisade Wall x1 |
| 18:35 | Cow · wall_segment Palisade Wall x1 |
| 20:03 | Cow · wall_segment Palisade Wall x1 |
| 20:09 | Cow · wall_segment Palisade Wall x1 |
| 21:24 | SaleMajstor · age_up castle |
| 21:31 | SaleMajstor · first_building Siege Workshop |
| 21:57 | Cow · wall_segment Stone Wall x11 |
| 22:02 | Cow · wall_segment Stone Wall x10 |
| 22:29 | Cow · wall_segment Stone Wall x5 |
| 22:33 | Cow · wall_segment Stone Wall x4 |
| 22:41 | Cow · wall_segment Stone Wall x4 |
| 22:44 | Cow · wall_segment Stone Wall x11 |
| 22:51 | Cow · first_market_buy 100 food |
| 22:59 | Cow · wall_segment Stone Wall x7 |
| 23:09 | Cow · wall_segment Stone Wall x10 |
| 23:43 | Cow · wall_segment Stone Wall x4 |
| 23:45 | Cow · wall_segment Stone Wall x1 |
| 23:46 | Cow · wall_segment Stone Wall x1 |
| 23:47 | Cow · wall_segment Stone Wall x1 |
| 23:48 | Cow · wall_segment Stone Wall x1 |
| 23:54 | SaleMajstor · first_building Stable |
| 23:58 | Cow · wall_segment Stone Wall x1 |
| 23:59 | Cow · wall_segment Stone Wall x1 |
| 24:02 | Cow · wall_segment Stone Wall x3 |
| 25:08 | Cow · wall_segment Stone Wall x1 |
| 25:09 | Cow · wall_segment Stone Wall x1 |
| 25:35 | Cow · age_up castle |
| 25:43 | SaleMajstor · first_building Castle |
| 25:44 | Cow · first_building Stable |
| 25:52 | Cow · first_market_sell 500 wood |
| 26:01 | Cow · first_building Castle |
| 27:20 | Cow · first_building Siege Workshop |
| 30:27 | SaleMajstor · first_building Archery Range |
| 31:50 | SaleMajstor · first_building Monastery |
| 35:05 | SaleMajstor · wall_segment Palisade Wall x1 |
| 35:15 | SaleMajstor · wall_segment Palisade Wall x1 |
| 35:18 | SaleMajstor · wall_segment Palisade Wall x4 |
| 36:39 | SaleMajstor · age_up imperial |
| 38:46 | Cow · resign |
[ ANÁLISIS IA · 1 CRÉDITO ]
¿Qué pasó realmente en esta partida?
Wolo.gg analiza cada decisión: build order, eco, micro, errores típicos por bracket. Análisis personalizado por WhatsApp o Discord en 30 segundos.
Guía civ
Mongoles
Perfil
Jugador #7376435